SNL (28 & UNDER)
KEY WEST BARRACUDAS @ MEMPHIS BLUES
04/28/2029
 
TOP OF THE 1ST
Key West Barracudas batting - Pitching for Memphis Blues : RHP Ramón Flores
Pitching: RHP Ramón Flores
Batting: SHB Luis Manuel López 0-0: Ground out 4-3 (Groundball, 4)
Batting: SHB Eric Pimentel 0-0: Ball
1-0: Ball
2-0: Ball
3-0: Base on Balls
Batting: SHB José Espinoza 0-0: Ground out 4-3 (Groundball, 34)
Eric Pimentel to second
Batting: SHB Héctor Jiménez 0-0: Called Strike
0-1: Foul Ball, location: 2F
0-2: Strikes out swinging
Top of the 1st over - 0 runs, 0 hits, 0 errors, 1 left on base; Key West 0 - Memphis 0
BOTTOM OF THE 1ST
Memphis Blues batting - Pitching for Key West Barracudas : RHP George Bennion
Pitching: RHP George Bennion
Batting: LHB Armando Domínguez 0-0: Called Strike
0-1: Ball
1-1: Bunt for hit - play at first, batter OUT! 1-3
Batting: RHB Jorge Domínguez 0-0: Called Strike
0-1: Ball
1-1: Foul Ball, location: 2F
1-2: Foul Ball, location: 2F
1-2: Strikes out swinging
Batting: LHB Weston Chaney 0-0: Ball
1-0: Foul Ball, location: 2F
1-1: Swinging Strike
1-2: Foul Ball, location: 2F
1-2: Ball
2-2: SINGLE (Groundball, 5D)
Batting: LHB Jorge Silva 0-0: Fly out, F7 (Flyball, 78S)
Bottom of the 1st over - 0 runs, 1 hit, 0 errors, 1 left on base; Key West 0 - Memphis 0
TOP OF THE 2ND
Key West Barracudas batting - Pitching for Memphis Blues : RHP Ramón Flores
Batting: SHB Júlio Ayala 0-0: Fly out, F6 (Line Drive, 6)
Batting: LHB Mauro Díaz 0-0: Ball
1-0: Called Strike
1-1: Ball
2-1: Ball
3-1: Base on Balls
Batting: SHB Jacob Knapp 0-0: Ball
1-0: Foul Ball, location: 2F
1-1: Ball
2-1: Swinging Strike
2-2: Ball
3-2: SINGLE (Groundball, 6MD)
Mauro Díaz to second
Batting: LHB Domingo Ledesma 0-0: Ball
1-0: Called Strike
1-1: Ball
2-1: Foul Ball, location: 2F
2-2: Ball
3-2: SINGLE (Flyball, 34D)
Mauro Díaz to third
Jacob Knapp to second
Runner from 3rd tries for Home, SAFE, throw made home
Batting: LHB Juan Lima 0-0: Called Strike
0-1: Fielders Choice at 2nd, 4-6 (Groundball, 4)
Jacob Knapp to third
Batting: SHB Luis Manuel López 0-0: Called Strike
0-1: Fielders Choice at 2nd, 6-4 (Groundball, 6)
Top of the 2nd over - 1 run, 2 hits, 0 errors, 2 left on base; Key West 1 - Memphis 0
BOTTOM OF THE 2ND
Memphis Blues batting - Pitching for Key West Barracudas : RHP George Bennion
Batting: LHB John Foster 0-0: Ball
1-0: Ball
2-0: Ball
3-0: Base on Balls
Batting: RHB Aaron Grizzle 0-0: Fielders Choice at 2nd, 5-4 (Groundball, 56)
Batting: RHB Artie Green 0-0: Foul Ball, location: 2F
0-1: Ball
1-1: Fly out, F8 (Flyball, 8LD)
Batting: RHB Dennis Mays 0-0: Called Strike
0-1: Fielders Choice at 2nd, 6-4 (Groundball, 6)
Bottom of the 2nd over - 0 runs, 0 hits, 0 errors, 1 left on base; Key West 1 - Memphis 0
TOP OF THE 3RD
Key West Barracudas batting - Pitching for Memphis Blues : RHP Ramón Flores
Batting: SHB Eric Pimentel 0-0: Ball
1-0: Ball
2-0: Foul Ball, location: 2F
2-1: Ball
3-1: Base on Balls
Batting: SHB José Espinoza 0-0: Called Strike
0-1: Foul Ball, location: 2F
0-2: Ball
1-2: Foul Ball, location: 2F
1-2: Fly out, F7 (Line Drive, 78M)
Batting: SHB Héctor Jiménez 0-0: Ball
1-0: Swinging Strike
1-1: Swinging Strike
1-2: Ball
2-2: Fly out, F6 (Popup, 56)
Batting: SHB Júlio Ayala 0-0: Foul Ball, location: 2F
0-1: Foul Ball, location: 2F
0-2: Fly out, F5 (Popup, 56)
Top of the 3rd over - 0 runs, 0 hits, 0 errors, 1 left on base; Key West 1 - Memphis 0
BOTTOM OF THE 3RD
Memphis Blues batting - Pitching for Key West Barracudas : RHP George Bennion
Batting: RHB Ángel Hernández 0-0: Ground out 6-3 (Groundball, 6)
Batting: LHB Armando Domínguez 0-0: Fly out, F7 (Line Drive, 7LM)
Batting: RHB Jorge Domínguez 0-0: Called Strike
0-1: Foul Ball, location: 2F
0-2: Foul Ball, location: 2F
0-2: Ball
1-2: Fly out, F4 (Flyball, 34D)
Bottom of the 3rd over - 0 runs, 0 hits, 0 errors, 0 left on base; Key West 1 - Memphis 0
TOP OF THE 4TH
Key West Barracudas batting - Pitching for Memphis Blues : RHP Ramón Flores
Batting: LHB Mauro Díaz 0-0: Ball
1-0: Ball
2-0: Swinging Strike
2-1: Called Strike
2-2: Strikes out looking
Batting: SHB Jacob Knapp 0-0: Foul Ball, location: 2F
0-1: Swinging Strike
0-2: Ball
1-2: Fly out, F7 (Flyball, 7S)
Batting: LHB Domingo Ledesma 0-0: Ball
1-0: Called Strike
1-1: Swinging Strike
1-2: Foul Ball, location: 2F
1-2: Ball
2-2: Ball
3-2: Base on Balls
Batting: LHB Juan Lima 0-0: Ball
1-0: Ball
2-0: Called Strike
2-1: Ball
3-1: Foul Ball, location: 2F
3-2: Base on Balls
Domingo Ledesma to second
Batting: SHB Luis Manuel López 0-0: Ball
1-0: Reached on error, E5 (Groundball, 56)
Domingo Ledesma to third
Juan Lima to second
Batting: SHB Eric Pimentel 0-0: Ball
1-0: Ball
2-0: Ball
3-0: Called Strike
3-1: SINGLE (Line Drive, 78S)
Domingo Ledesma scores
Juan Lima to third
Luis Manuel López to second
Runner from 3rd tries for Home, SAFE, no throw
Batting: SHB José Espinoza 0-0: Ball
1-0: Called Strike
1-1: Fly out, F9 (Line Drive, 9)
Top of the 4th over - 2 runs, 1 hit, 1 error, 2 left on base; Key West 3 - Memphis 0
BOTTOM OF THE 4TH
Memphis Blues batting - Pitching for Key West Barracudas : RHP George Bennion
Batting: LHB Weston Chaney 0-0: Ball
1-0: Ball
2-0: Ball
3-0: Called Strike
3-1: Called Strike
3-2: Foul Ball, location: 2F
3-2: Ground out 5-3 (Groundball, 56)
Batting: LHB Jorge Silva 0-0: Ground out 4-3 (Groundball, 34D)
Batting: LHB John Foster 0-0: Ball
1-0: Foul Ball, location: 2F
1-1: Ball
2-1: Foul Ball, location: 2F
2-2: Ground out U3 (Groundball, 34)
Bottom of the 4th over - 0 runs, 0 hits, 0 errors, 0 left on base; Key West 3 - Memphis 0
TOP OF THE 5TH
Key West Barracudas batting - Pitching for Memphis Blues : RHP Ramón Flores
Pitching: LHP Júlio Jiménez
Batting: SHB Héctor Jiménez 0-0: Fly out, F5 (Popup, 25)
Batting: SHB Júlio Ayala 0-0: Called Strike
0-1: Ball
1-1: Ball
2-1: Ball
3-1: Called Strike
3-2: Foul Ball, location: 2F
3-2: Foul Ball, location: 2F
3-2: Base on Balls
Batting: LHB Mauro Díaz 0-0: Called Strike
0-1: Swinging Strike
0-2: Ball
1-2: Strikes out swinging
Batting: SHB Jacob Knapp 0-0: Ball
1-0: Foul Ball, location: 2F
1-1: 2-RUN HOME RUN (Flyball, 7D), Distance : 392 ft
Batting: LHB Domingo Ledesma 0-0: Ball
1-0: Called Strike
1-1: Foul Ball, location: 2F
1-2: Ball
2-2: Strikes out swinging
Top of the 5th over - 2 runs, 1 hit, 0 errors, 0 left on base; Key West 5 - Memphis 0
BOTTOM OF THE 5TH
Memphis Blues batting - Pitching for Key West Barracudas : RHP George Bennion
Batting: RHB Aaron Grizzle 0-0: Ground out 1-3 (Groundball, 13S)
Batting: RHB Artie Green 0-0: Foul Ball, location: 2F
0-1: Swinging Strike
0-2: Ground out 4-3 (Groundball, 4)
Batting: RHB Dennis Mays 0-0: Foul Ball, location: 2F
0-1: Ball
1-1: Swinging Strike
1-2: Strikes out swinging
Bottom of the 5th over - 0 runs, 0 hits, 0 errors, 0 left on base; Key West 5 - Memphis 0
TOP OF THE 6TH
Key West Barracudas batting - Pitching for Memphis Blues : LHP Júlio Jiménez
Batting: LHB Juan Lima 0-0: Swinging Strike
0-1: Ball
1-1: Swinging Strike
1-2: Ball
2-2: Foul Ball, location: 2F
2-2: Strikes out swinging
Batting: SHB Luis Manuel López 0-0: Ball
1-0: Ball
2-0: Ball
3-0: Called Strike
3-1: Fly out, F6 (Line Drive, 6)
Batting: SHB Eric Pimentel 0-0: Called Strike
0-1: Ball
1-1: Swinging Strike
1-2: Foul Ball, location: 2F
1-2: Strikes out swinging, 2-3 out at first.
Top of the 6th over - 0 runs, 0 hits, 0 errors, 0 left on base; Key West 5 - Memphis 0
BOTTOM OF THE 6TH
Memphis Blues batting - Pitching for Key West Barracudas : RHP George Bennion
Batting: RHB Ángel Hernández 0-0: Swinging Strike
0-1: Foul Ball, location: 2F
0-2: Ball
1-2: Strikes out swinging
Batting: LHB Armando Domínguez 0-0: Called Strike
0-1: Ball
1-1: Ground out 4-3 (Groundball, 4D)
Batting: RHB Jorge Domínguez 0-0: Called Strike
0-1: Ball
1-1: Called Strike
1-2: Ball
2-2: Strikes out swinging
Bottom of the 6th over - 0 runs, 0 hits, 0 errors, 0 left on base; Key West 5 - Memphis 0
TOP OF THE 7TH
Key West Barracudas batting - Pitching for Memphis Blues : LHP Júlio Jiménez
Batting: SHB José Espinoza 0-0: Called Strike
0-1: Swinging Strike
0-2: Strikes out looking
Batting: SHB Héctor Jiménez 0-0: Called Strike
0-1: Foul Ball, location: 2F
0-2: Foul Ball, location: 2F
0-2: Reached on error, E6 (Groundball, 56)
Batting: SHB Júlio Ayala 0-0: Called Strike
0-1: Ball
1-1: Ball
2-1: Foul Ball, location: 2F
2-2: Ball
3-2: Base on Balls
Batting: LHB Mauro Díaz 0-0: Called Strike
0-1: DOUBLE (Line Drive, 9LD)
Héctor Jiménez scores
Júlio Ayala to third
Batting: SHB Jacob Knapp 0-0: SINGLE (Groundball, 56D)
Júlio Ayala scores
Mauro Díaz to third
Runner from 3rd tries for Home, SAFE, throw made home
Batting: LHB Domingo Ledesma Pickoff Throw to First - Out!
0-0: Ball
1-0: Ball
2-0: Ball
3-0: Base on Balls
Batting: LHB Juan Lima 0-0: Ground out 4-3 (Groundball, 34)
Top of the 7th over - 3 runs, 2 hits, 1 error, 1 left on base; Key West 8 - Memphis 0
BOTTOM OF THE 7TH
Memphis Blues batting - Pitching for Key West Barracudas : RHP George Bennion
Batting: LHB Weston Chaney 0-0: Called Strike
0-1: Ball
1-1: Fly out, F8 (Flyball, 8LS)
Batting: LHB Jorge Silva 0-0: Ball
1-0: Ball
2-0: Ball
3-0: Called Strike
3-1: Foul Ball, location: 2F
3-2: Foul Ball, location: 2F
3-2: Base on Balls
Batting: LHB John Foster 0-0: Ball
1-0: Ball
2-0: Ball
3-0: Called Strike
3-1: Called Strike
3-2: Fly out, F8 (Flyball, 78M)
Batting: RHB Aaron Grizzle 0-0: Ball
1-0: Called Strike
1-1: 2-RUN HOME RUN (Flyball, 7LD), Distance : 381 ft
Batting: RHB Artie Green 0-0: Called Strike
0-1: Foul Ball, location: 2F
0-2: Ball
1-2: Foul Ball, location: 2F
1-2: Ball
2-2: Ground out 3-1 (Groundball, 34S)
Bottom of the 7th over - 2 runs, 1 hit, 0 errors, 0 left on base; Key West 8 - Memphis 2
TOP OF THE 8TH
Key West Barracudas batting - Pitching for Memphis Blues : LHP Júlio Jiménez
Pitching: RHP Scott Willerton
Batting: SHB Luis Manuel López 0-0: Called Strike
0-1: Ball
1-1: Fly out, F8 (Flyball, 8LXD)
Batting: SHB Eric Pimentel 0-0: DOUBLE (Flyball, 8LXD)
Batting: SHB José Espinoza 0-0: Ball
1-0: Ball
2-0: Called Strike
2-1: Ball
3-1: Called Strike
3-2: Base on Balls
Batting: SHB Héctor Jiménez 0-0: Called Strike
0-1: Called Strike
0-2: Ball
1-2: Ball
2-2: Strikes out looking
Batting: SHB Júlio Ayala 0-0: Ball
1-0: Called Strike
1-1: Called Strike
1-2: Ball
2-2: Ball
3-2: Base on Balls
Eric Pimentel to third
José Espinoza to second
Batting: LHB Mauro Díaz 0-0: Ball
1-0: Foul Ball, location: 2F
1-1: Ball
2-1: Ball
3-1: Base on Balls
Eric Pimentel scores
José Espinoza to third
Júlio Ayala to second
Batting: SHB Jacob Knapp 0-0: Ball
1-0: Ball
2-0: Ball
3-0: Called Strike
3-1: SINGLE (Groundball, 4MD)
José Espinoza scores
Júlio Ayala to third
Mauro Díaz to second
Runner from 3rd tries for Home, SAFE, no throw
Batting: LHB Domingo Ledesma 0-0: Called Strike
0-1: Ball
1-1: SINGLE (Groundball, 34D)
Mauro Díaz to third
Jacob Knapp to second
Runner from 3rd tries for Home, SAFE, throw made home
Batting: LHB Juan Lima 0-0: Reached on error, E4 (Groundball, 4M)
Jacob Knapp to third
Domingo Ledesma to second
Pinch Hitting: RHB Wilson Metherall 0-0: Called Strike
0-1: Ball
1-1: Ground out 3-1 (Groundball, 34S)
Top of the 8th over - 4 runs, 3 hits, 1 error, 3 left on base; Key West 12 - Memphis 2
BOTTOM OF THE 8TH
Memphis Blues batting - Pitching for Key West Barracudas : RHP George Bennion
Pitching: RHP Bob Schneider
Now at SS: Rodney Birling
Batting: RHB Dennis Mays 0-0: Ball
1-0: Called Strike
1-1: SINGLE (Groundball, 4MD)
Batting: RHB Ángel Hernández 0-0: Ball
1-0: Ball
2-0: Ball
3-0: Base on Balls
Dennis Mays to second
Batting: LHB Armando Domínguez 0-0: Foul Ball, location: 2F
0-1: Ball
1-1: DOUBLE (Line Drive, 78XD)
Dennis Mays scores
Ángel Hernández to third
Batting: RHB Jorge Domínguez 0-0: DOUBLE (Line Drive, 8LD)
Ángel Hernández scores
Armando Domínguez scores
Batting: LHB Weston Chaney 0-0: Called Strike
0-1: Called Strike
0-2: Ball
1-2: Foul Ball, location: 2F
1-2: Strikes out swinging
Batting: LHB Jorge Silva 0-0: Fly out, F7 (Flyball, 7S)
Batting: LHB John Foster 0-0: Called Strike
0-1: Ball
1-1: Ball
2-1: Foul Ball, location: 2F
2-2: Ball
3-2: Base on Balls
Batting: RHB Aaron Grizzle 0-0: Swinging Strike
0-1: SINGLE (Flyball, 8LS)
Jorge Domínguez to third
John Foster to second
Runner from 3rd tries for Home, SAFE, throw made home
Batting: RHB Artie Green 0-0: Foul Ball, location: 2F
0-1: Swinging Strike
0-2: Ball
Wild Pitch!
John Foster to third
Aaron Grizzle to second
1-2: Foul Ball, location: 2F
1-2: Strikes out swinging
Bottom of the 8th over - 4 runs, 4 hits, 0 errors, 2 left on base; Key West 12 - Memphis 6
TOP OF THE 9TH
Key West Barracudas batting - Pitching for Memphis Blues : RHP Scott Willerton
Batting: SHB Eric Pimentel 0-0: Ball
1-0: Ball
2-0: Ball
3-0: Called Strike
3-1: Swinging Strike
3-2: Foul Ball, location: 2F
3-2: Strikes out swinging
Batting: SHB José Espinoza 0-0: SOLO HOME RUN (Flyball, 9LD), Distance : 365 ft
Batting: SHB Héctor Jiménez 0-0: Ball
1-0: Foul Ball, location: 2F
1-1: Ball
2-1: Ball
3-1: Swinging Strike
3-2: Foul Ball, location: 2F
3-2: Base on Balls
Pitching: RHP Luis Pistoni
Batting: SHB Júlio Ayala 0-0: Foul Ball, location: 2F
0-1: Ball
1-1: Fly out, F9 (Flyball, 89D)
Batting: LHB Mauro Díaz 0-0: Foul Ball, location: 2F
0-1: Swinging Strike
0-2: Ground out 3-1 (Groundball, 34)
Top of the 9th over - 1 run, 1 hit, 0 errors, 1 left on base; Key West 13 - Memphis 6
BOTTOM OF THE 9TH
Memphis Blues batting - Pitching for Key West Barracudas : RHP Bob Schneider
Batting: RHB Dennis Mays 0-0: Called Strike
0-1: Swinging Strike
0-2: Ball
1-2: Foul Ball, location: 2F
1-2: Ball
2-2: Strikes out looking
Batting: RHB Ángel Hernández 0-0: Ball
1-0: Ball
2-0: Ball
3-0: Base on Balls
Batting: LHB Armando Domínguez 0-0: Called Strike
0-1: Ball
1-1: Called Strike
1-2: Ball
2-2: Fly out, F8 (Flyball, 8LXD)
Batting: RHB Jorge Domínguez 0-0: Ball
1-0: Ball
2-0: Foul Ball, location: 2F
2-1: Hit by Pitch
Ángel Hernández to second
Batting: LHB Weston Chaney 0-0: Called Strike
0-1: Ball
1-1: Foul Ball, location: 2F
1-2: Ball
Wild Pitch!
Ángel Hernández to third
Jorge Domínguez to second
2-2: Ground out U3 (Groundball, 34)
Bottom of the 9th over - 0 runs, 0 hits, 0 errors, 2 left on base; Key West 13 - Memphis 6
Saturday, December 16th, 2017 - OOTP Baseball 18.8 Build 76